AoeStats
← Edward LongPlanks

Arena

509757772Analyzed
1v1 RM · 5d ago on Sep 27, 2026· 49m 43s· 2 players
Game mode
Random Map
Map size
Tiny (2 player)
Population
200
Speed
Normal
Resources
Standard
Victory
Conquest
Starting age
Dark Age
Ending age
Imperial Age
RankedLock teamsTeams togetherTeam positionsShared explorationLock speedFull tech treeHidden civsTurbo modeCheats
Victory
Defeat
🇹🇷 Portuguese · Türkiye
367
+18
🇺🇸 Varangians · United States
413
-18
metooo*
13:50 Feudal Age
14:41 Horse Collar
14:49 Double-Bit Axe
14:58 Stone Mining
14:59 Gold Mining
21:54 Castle Age
22:40 Heavy Plow
22:54 Bow Saw
29:48 Imperial Age
30:02 Wheelbarrow
31:34 Chemistry
37:13 Elite Organ Gun
40:05 Arquebus
42:54 Ballistics
42:48 Fortified Wall
42:44 Murder Holes
45:13 Hand Cart
Edward LongPlanks
4:41 Loom
13:15 Feudal Age
13:40 Horse Collar
13:48 Double-Bit Axe
13:56 Gold Mining
20:01 Castle Age
19:36 Man-at-Arms
25:56 Wheelbarrow
25:29 Padded Archer Armor
25:20 Fletching
26:27 Husbandry
26:37 Bloodlines
26:48 Bow Saw
28:18 Bodkin Arrow
28:38 Leather Archer Armor
36:22 Imperial Age
36:49 Capped Ram
37:28 Cavalier
38:23 Town Watch
43:23 Two-Man Saw
45:36 Scale Barding Armor
Connection lost

Rejoining the realm…

Still unreachable

The connection could not be restored.

Session expired

The server has moved on; the page needs a fresh start.